 Dungeon Crawl Stone Soup version 0.21.1-1-g345015f (webtiles) character file.

53 tidbits the Charmwright (level 3, -5/31 HPs)
             Began as a Gnoll Skald on June 27, 2018.
             Slain by a gnoll
             ... wielding a +0 spear
              (11 damage)
             ... on level 2 of the Dungeon.
             The game lasted 00:01:27 (115 turns).

tidbits the Charmwright (Gnoll Skald)                Turns: 115, Time: 00:01:28

Health: -5/31      AC:  3    Str: 13    XL:     3   Next: 87%
Magic:  2/9        EV: 14    Int: 16    God:
Gold:   17         SH:  0    Dex: 14    Spells: 7/12 levels left

rFire    . . .     SeeInvis .   a - +0 hand axe
rCold    . . .     Gourm    .   (no shield)
rNeg     . . .     Faith    .   b - +0 leather armour
rPois    .         Spirit   .   (no helmet)
rElec    .         Reflect  .   (no cloak)
rCorr    .         Harm     .   (no gloves)
MR       .....                  (no boots)
Stlth    +.........             (no amulet)
HPRegen  0.10/turn              (no ring)
MPRegen  0.11/turn              (no ring)

@: singing
A: distributed training, fangs 1, strong nose
a: no special abilities


You were on level 2 of the Dungeon.
You were not hungry.

You visited 1 branch of the dungeon, and saw 2 of its levels.

You collected 17 gold pieces.

Inventory:

Hand Weapons
 a - a +0 hand axe (weapon)
 f - a +0 dagger
Armour
 b - a +0 leather armour (worn)
Scrolls
 e - a scroll of identify {unknown}
 g - a scroll of fear {unknown}
Potions
 h - a potion of haste {unknown}
Books
 c - a book of Battle

   Spells                             Type                      Level
   a - Infusion                       Charms                       1
   b - Shroud of Golubria             Charms/Translocation         2
   c - Song of Slaying                Charms                       2
   d - Spectral Weapon                Hexes/Charms                 3
   e - Regeneration                   Charms/Necromancy            3
Comestibles
 d - a ration


   Skills:
 + Level 4.6 Fighting
 + Level 1.0 Short Blades
 + Level 1.0 Long Blades
 + Level 4.6 Axes
 + Level 1.0 Maces & Flails
 + Level 1.0 Polearms
 + Level 1.0 Staves
 + Level 1.0 Slings
 + Level 1.0 Bows
 + Level 1.0 Crossbows
 + Level 1.0 Throwing
 + Level 2.6 Armour
 + Level 4.6 Dodging
 + Level 1.0 Stealth
 + Level 1.0 Shields
 + Level 1.0 Unarmed Combat
 + Level 5.0 Spellcasting
 + Level 0.7 Conjurations
 + Level 0.7 Hexes
 + Level 5.4 Charms
 + Level 0.7 Summonings
 + Level 0.7 Necromancy
 + Level 0.7 Translocations
 + Level 0.7 Transmutations
 + Level 0.7 Fire Magic
 + Level 0.7 Ice Magic
 + Level 0.7 Air Magic
 + Level 0.7 Earth Magic
 + Level 0.7 Poison Magic
 + Level 1.0 Invocations
 + Level 1.0 Evocations


You had 7 spell levels left.
You knew the following spells:

 Your Spells              Type           Power        Failure   Level  Hunger
g - Shroud of Golubria    Chrm/Tloc      ##........   9%          2    #......
i - Infusion              Chrm           ###.         1%          1    None
y - Song of Slaying       Chrm           ###.....     3%          2    #......


Dungeon Overview and Level Annotations

Branches:
Dungeon (2/15)

Altars:


Innate Abilities, Weirdness & Mutations

Your experience applies equally to all skills.
You have very sharp teeth.
Your uncanny sense of smell can sniff out nearby items.


Message History

You closely miss the bat. The bat misses you. The bat barely misses you.
Found 6 poisoned needles.
You see here a giant cockroach corpse.
You barely miss the frilled lizard.
The frilled lizard bites you but does no damage.
The bat hits you but does no damage.
You slash the bat!
You kill the bat!
You hit the frilled lizard.
You kill the frilled lizard!
There is a stone staircase leading down here.
You climb downwards.
A bat and a hobgoblin come into view.
The hobgoblin shouts!
Found a scroll labeled JURHUO QEOPS and an inky potion.
There is a stone staircase leading up here.
You barely miss the bat. The bat closely misses you.
You slash the hobgoblin!
You kill the hobgoblin!
You hit the bat.
You kill the bat!
You see here a scroll labeled JURHUO QEOPS.
g - a scroll labeled JURHUO QEOPS Your song is almost over.
You see here an inky potion.
h - an inky potion Your song has ended.
A giant cockroach comes into view.
The giant cockroach moves out of view.
Casting: Song of Slaying
Confirm with . or Enter, or press ? or * to list all spells.
You start singing a song of slaying.
You hear a shout! x4
The giant cockroach completely misses you.
You hit the giant cockroach.
You bite the giant cockroach, but do no damage.
The giant cockroach is heavily wounded.
The giant cockroach barely misses you.
You hit the giant cockroach.
The giant cockroach is almost dead.
The giant cockroach barely misses you.
A gnoll comes into view. It is wielding a flail.
You barely miss the giant cockroach. Your bite misses the giant cockroach.
The giant cockroach is almost dead.
The giant cockroach barely misses you.
A gnoll comes into view. It is wielding a flail.
Casting: Song of Slaying
Confirm with . or Enter, or press ? or * to list all spells.
Space distorts slightly along a thin shroud covering your body.
Your shroud bends the giant cockroach's attack away.
Unknown command.
You slash the giant cockroach!
You kill the giant cockroach!
You have reached level 3!
Your experience leads to an increase in your attributes!
Increase (S)trength, (I)ntelligence, or (D)exterity?
You feel clever.
A gnoll comes into view. It is wielding a spear.
You see here a giant cockroach corpse.
You hit the gnoll.
The gnoll is moderately wounded.
The gnoll barely misses you.
The gnoll moves out of view.
A gnoll comes into view. It is wielding a club.
You slash the gnoll!
The gnoll is severely wounded.
You hit the gnoll. The gnoll hits you with a flail!
* * * LOW HITPOINT WARNING * * *
Your shroud bends the gnoll's attack away.
You hit the gnoll.
The gnoll is almost dead.
You hit the gnoll. The gnoll completely misses you.
The gnoll hits you with a flail.
* * * LOW HITPOINT WARNING * * *
Your shroud falls apart!
You hit the gnoll.
You kill the gnoll!
Your Spellcasting skill increases to level 5!
You hit the gnoll.
You kill the gnoll!
Your Invocations skill increases to level 1!
You slash the gnoll!
The gnoll is heavily wounded.
The gnoll completely misses you. The gnoll hits you but does no damage.
You slash the gnoll!
You kill the gnoll!
Your Short Blades skill increases to level 1!
Your Long Blades skill increases to level 1!
Your Maces & Flails skill increases to level 1!
Your Polearms skill increases to level 1!
Your Staves skill increases to level 1!
Your Slings skill increases to level 1!
Your Bows skill increases to level 1!
Your Crossbows skill increases to level 1!
Your Throwing skill increases to level 1!
Your Stealth skill increases to level 1!
Your Shields skill increases to level 1!
Your Unarmed Combat skill increases to level 1!
Your Evocations skill increases to level 1!
The gnoll hits you from afar with a spear!
You die...

# .. ... ....
######
.....#####....#
.....g))##....#
#@......#
###.....#
#.....# #.....#
##.....#
#..#####
####.## #....#
## #....#


You could see a gnoll.

Vanquished Creatures
  3 gnolls (D:2)
  A leopard gecko (D:1)
  3 bats
  2 giant cockroaches
  5 hobgoblins
  3 jackals (D:1)
  A frilled lizard (D:1)
  3 kobolds (D:1)
  A rat (D:1)
22 creatures vanquished.

Notes
Turn   | Place    | Note
-------+----------+-------------------------------------------
     0 | D:1      | tidbits the Gnoll Skald began the quest for the Orb.
     0 | D:1      | Reached XP level 1. HP: 20/20 MP: 6/6
    20 | D:1      | Reached XP level 2. HP: 23/26 MP: 0/7
    39 | D:1      | Learned a level 2 spell: Song of Slaying
    42 | D:1      | Learned a level 2 spell: Shroud of Golubria
   108 | D:2      | Reached XP level 3. HP: 21/31 MP: 1/9
   113 | D:2      | Reached skill level 5 in Spellcasting
   113 | D:2      | Reached skill level 1 in Invocations
   115 | D:2      | Reached skill level 1 in Short Blades
   115 | D:2      | Reached skill level 1 in Long Blades
   115 | D:2      | Reached skill level 1 in Maces & Flails
   115 | D:2      | Reached skill level 1 in Polearms
   115 | D:2      | Reached skill level 1 in Staves
   115 | D:2      | Reached skill level 1 in Slings
   115 | D:2      | Reached skill level 1 in Bows
   115 | D:2      | Reached skill level 1 in Crossbows
   115 | D:2      | Reached skill level 1 in Throwing
   115 | D:2      | Reached skill level 1 in Stealth
   115 | D:2      | Reached skill level 1 in Shields
   115 | D:2      | Reached skill level 1 in Unarmed Combat
   115 | D:2      | Reached skill level 1 in Evocations
   115 | D:2      | Slain by a gnoll

Skill      XL: |  1  2  3 |
---------------+----------+-----
Spellcasting   | 5 |  5.0
Invocations    | 1 |  1.0
Short Blades   | 1 |  1.0
Long Blades    | 1 |  1.0
Maces & Flails | 1 |  1.0
Polearms       | 1 |  1.0
Staves         | 1 |  1.0
Slings         | 1 |  1.0
Bows           | 1 |  1.0
Crossbows      | 1 |  1.0
Throwing       | 1 |  1.0
Stealth        | 1 |  1.0
Shields        | 1 |  1.0
Unarmed Combat | 1 |  1.0
Evocations     | 1 |  1.0
Fighting       | |  4.6
Axes           | |  4.6
Armour         | |  2.6
Dodging        | |  4.6
Conjurations   | |  0.7
Hexes          | |  0.7
Charms         | |  5.4
Summonings     | |  0.7
Necromancy     | |  0.7
Translocations | |  0.7
Transmutations | |  0.7
Fire Magic     | |  0.7
Ice Magic      | |  0.7
Air Magic      | |  0.7
Earth Magic    | |  0.7
Poison Magic   | |  0.7

Action                   || total
-------------------------++-------
Melee: Hand axe          ||    47
       Bite              ||     3
 Cast: Infusion          ||     2
       Song of Slaying   ||     2
       Shroud of Golubri ||     1
Armor: Leather armour    ||    14
Dodge: Dodged            ||    28

Table legend:
 A = Turns spent in this place as a percentage of turns spent in the entire game.
 B = Non-inter-level travel turns spent in this place as a percentage of non-inter-level travel turns spent in the entire game.
 C = Inter-level travel turns spent in this place as a percentage of turns spent in this place.
 D = Turns resting spent in this place as a percentage of non-inter-level travel turns spent in this place.
 E = Turns spent auto-exploring this place as a percentage of non-inter-level travel turns spent in this place.
 F = Non-inter-level travel turns spent in this place divided by the number of levels of this place that you've seen.
                   A       B       C       D       E      F
               +-------+-------+-------+-------+-------+----------------------
         Total | 100.0 | 100.0 |   0.0 |   0.0 |   0.0 |  57.5
       Dungeon | 100.0 | 100.0 |   0.0 |   0.0 |   0.0 |  57.5
               +-------+-------+-------+-------+-------+----------------------

Table legend:
 A = Kills in this place as a percentage of kills in entire the game.
 B = Kills by you in this place as a percentage of kills by you in the entire game.
 C = Kills by friends in this place as a percentage of kills by friends in the entire game.
 D = Other kills in this place as a percentage of other kills in the entire game.
 E = Experience gained in this place as a percentage of experience gained in the entire game.
 F = Experience gained in this place divided by the number of levels of this place that you have seen.
                   A       B       C       D       E      F
               +-------+-------+-------+-------+-------+----------------------
         Total | 100.0 | 100.0 |   N/A |   N/A | 100.0 |  38.0
       Dungeon | 100.0 | 100.0 |   N/A |   N/A | 100.0 |  38.0
               +-------+-------+-------+-------+-------+----------------------

Vault maps used:
D:1:      minmay_arrival_four_houses
D:2:      zin_angel, minmay_tripent
